TOP OF THE 1ST |
Vermont Lake Monsters batting - Pitching for Minnesota (NYP) Twins : RHP Gary Triska
|
Pitching: RHP Gary Triska
|
|
Batting: RHB Sean Gould
|
0-0: Foul Ball, location: 2F 0-1: Ball 1-1: Ball 2-1: Foul Ball, location: 2F 2-2: SINGLE (Groundball, 56D, EV 110.0 MPH)
|
Batting: RHB Chris Temple
|
0-0: Ball 1-0: Called Strike 1-1: Ball 2-1: Swinging Strike 2-2: Strikes out looking
|
Batting: LHB Ed Talamantes
|
0-0: Swinging Strike 0-1: Foul Ball, location: 2F 0-2: Ball 1-2: Ball 2-2: Ball Wild Pitch! Sean Gould to second 3-2: Ground out 5-3 (Groundball, 56, EV 110.0 MPH)
|
Batting: LHB Brian Puccio
|
0-0: Called Strike 0-1: Ball 1-1: Fly out, F9 (Flyball, 9LS, EV 83.8 MPH)
|
Top of the 1st over - 0 runs, 1 hit, 0 errors, 1 left on base; Vermont 0 - Minnesota (NYP) 0 |
BOTTOM OF THE 1ST |
Minnesota (NYP) Twins batting - Pitching for Vermont Lake Monsters : LHP Hector Perdomo
|
Pitching: LHP Hector Perdomo
|
|
Batting: RHB David McClellan
|
0-0: Ground out 6-3 (Groundball, P, EV 76.2 MPH)
|
Batting: RHB Sergio Gomez
|
0-0: Ball 1-0: Called Strike 1-1: DOUBLE (Line Drive, 78D, EV 106.9 MPH)
|
Batting: LHB Tomas Espino
|
0-0: Ball 1-0: Foul Ball, location: 2F 1-1: SINGLE (Groundball, 3L, EV 101.9 MPH) Sergio Gomez to third
|
Batting: RHB Pat Adams
|
0-0: Ball 1-0: Called Strike 1-1: Ball 2-1: Foul Ball, location: 2F 2-2: Grounds into double play, 5-4-3 (Groundball, 56, EV 81.9 MPH)
|
Bottom of the 1st over - 0 runs, 2 hits, 0 errors, 1 left on base; Vermont 0 - Minnesota (NYP) 0 |
TOP OF THE 2ND |
Vermont Lake Monsters batting - Pitching for Minnesota (NYP) Twins : RHP Gary Triska
|
Batting: LHB Victor Ferrermena
|
0-0: Ball 1-0: Foul Ball, location: 2F 1-1: Ball 2-1: Foul Ball, location: 2F 2-2: Foul Ball, location: 2F 2-2: Ball 3-2: Foul Ball, location: 2F 3-2: Base on Balls
|
Batting: RHB Chris Prinzing
|
0-0: Ball 1-0: Fielders Choice at 2nd, 5-4 (Groundball, 56S, EV 79.4 MPH)
|
Batting: SHB Steve Salafia
|
0-0: Ball 1-0: Ball 2-0: Swinging Strike 2-1: Called Strike 2-2: Foul Ball, location: 2F 2-2: Strikes out swinging
|
Batting: RHB Jon Coleman
|
0-0: Ball 1-0: Called Strike 1-1: Called Strike 1-2: Ball 2-2: Strikes out swinging
|
Top of the 2nd over - 0 runs, 0 hits, 0 errors, 1 left on base; Vermont 0 - Minnesota (NYP) 0 |
BOTTOM OF THE 2ND |
Minnesota (NYP) Twins batting - Pitching for Vermont Lake Monsters : LHP Hector Perdomo
|
Batting: RHB Alexandre Garcia
|
0-0: Ball 1-0: Called Strike 1-1: Foul Ball, location: 2F 1-2: Strikes out swinging
|
Batting: RHB Ton van Dijk
|
0-0: Called Strike 0-1: Ball 1-1: Ball 2-1: Foul Ball, location: 2F 2-2: Ball 3-2: Reached on error, E1 (Groundball, 25, EV 66.9 MPH)
|
Batting: LHB Jose Hilario
|
0-0: Called Strike 0-1: Swinging Strike 0-2: Ball 1-2: Strikes out swinging
|
Batting: SHB Juan Aguilar
|
0-0: Ball 1-0: Foul Ball, location: 2F 1-1: Called Strike Ton van Dijk is caught stealing 2nd base 2-4
|
Bottom of the 2nd over - 0 runs, 0 hits, 1 error, 0 left on base; Vermont 0 - Minnesota (NYP) 0 |
TOP OF THE 3RD |
Vermont Lake Monsters batting - Pitching for Minnesota (NYP) Twins : RHP Gary Triska
|
Batting: RHB Alberto Malagon
|
0-0: Called Strike 0-1: Ground out 5-3 (Groundball, 5, EV 86.9 MPH)
|
Batting: RHB Sean Gould
|
0-0: SINGLE (Groundball, 4D, EV 98.8 MPH)
|
Batting: RHB Chris Temple
|
0-0: Ball 1-0: Called Strike 1-1: Ground out 5-3 (Groundball, 56, EV 81.9 MPH) Sean Gould to second
|
Batting: LHB Ed Talamantes
|
0-0: Ball 1-0: Fly out, F7 (Flyball, 7, EV 71.2 MPH)
|
Top of the 3rd over - 0 runs, 1 hit, 0 errors, 1 left on base; Vermont 0 - Minnesota (NYP) 0 |
BOTTOM OF THE 3RD |
Minnesota (NYP) Twins batting - Pitching for Vermont Lake Monsters : LHP Hector Perdomo
|
Batting: SHB Juan Aguilar
|
0-0: Foul Ball, location: 2F 0-1: Swinging Strike 0-2: Ball 1-2: Strikes out looking
|
Batting: LHB Ben Roth
|
0-0: Foul Ball, location: 2F 0-1: Ball 1-1: Swinging Strike 1-2: Foul Ball, location: 2F 1-2: Strikes out looking
|
Batting: RHB David McClellan
|
0-0: Ball 1-0: Called Strike 1-1: Ball 2-1: Ball 3-1: Ground out 6-3 (Groundball, 6, EV 92.5 MPH)
|
Bottom of the 3rd over - 0 runs, 0 hits, 0 errors, 0 left on base; Vermont 0 - Minnesota (NYP) 0 |
TOP OF THE 4TH |
Vermont Lake Monsters batting - Pitching for Minnesota (NYP) Twins : RHP Gary Triska
|
Batting: LHB Brian Puccio
|
0-0: SOLO HOME RUN (Flyball, 89XD, EV 109.4 MPH), Distance : 431 ft
|
Batting: LHB Victor Ferrermena
|
0-0: Called Strike 0-1: Swinging Strike 0-2: Ball 1-2: Ball 2-2: Foul Ball, location: 2F 2-2: Strikes out looking
|
Batting: RHB Chris Prinzing
|
0-0: SINGLE (Line Drive, 7LS, EV 106.2 MPH)
|
Batting: SHB Steve Salafia
|
0-0: Called Strike Chris Prinzing is caught stealing 2nd base 2-6 0-1: Swinging Strike 0-2: Strikes out swinging
|
Top of the 4th over - 1 run, 2 hits, 0 errors, 0 left on base; Vermont 1 - Minnesota (NYP) 0 |
BOTTOM OF THE 4TH |
Minnesota (NYP) Twins batting - Pitching for Vermont Lake Monsters : LHP Hector Perdomo
|
Batting: RHB Sergio Gomez
|
0-0: Ground out U3 (Groundball, 34S, EV 88.8 MPH)
|
Batting: LHB Tomas Espino
|
0-0: Ball 1-0: Ball 2-0: Foul Ball, location: 2F 2-1: Foul Ball, location: 2F 2-2: Fly out, F7 (Flyball, 7, EV 81.2 MPH)
|
Batting: RHB Pat Adams
|
0-0: Called Strike 0-1: Swinging Strike 0-2: SINGLE (Line Drive, 34D, EV 93.8 MPH)
|
Batting: RHB Alexandre Garcia
|
0-0: Swinging Strike 0-1: Foul Ball, location: 2F 0-2: Strikes out looking
|
Bottom of the 4th over - 0 runs, 1 hit, 0 errors, 1 left on base; Vermont 1 - Minnesota (NYP) 0 |
TOP OF THE 5TH |
Vermont Lake Monsters batting - Pitching for Minnesota (NYP) Twins : RHP Gary Triska
|
Batting: RHB Jon Coleman
|
0-0: Ball 1-0: Ball 2-0: Foul Ball, location: 2F 2-1: Foul Ball, location: 2F 2-2: Foul Ball, location: 2F 2-2: Foul Ball, location: 2F 2-2: SINGLE (Groundball, 5D, EV 99.4 MPH)
|
Batting: RHB Alberto Malagon
|
0-0: Ball 1-0: Called Strike Passed Ball! Jon Coleman to second 1-1: Called Strike 1-2: Ball 2-2: Ball 3-2: Base on Balls
|
Batting: RHB Sean Gould
|
0-0: Ball 1-0: Called Strike 1-1: SINGLE (Groundball, 25, EV 62.5 MPH) (infield hit) Jon Coleman to third Alberto Malagon to second
|
Batting: RHB Chris Temple
|
0-0: Foul Ball, location: 2F 0-1: Fly out, F4 (Popup, 4D, EV 55.6 MPH)
|
Batting: LHB Ed Talamantes
|
0-0: Called Strike 0-1: Ball 1-1: Swinging Strike 1-2: Ball 2-2: SINGLE (Flyball, 56D, EV 98.1 MPH) Jon Coleman scores Alberto Malagon to third Sean Gould to second
|
Pitching: RHP Cody Bryant
|
|
Batting: LHB Brian Puccio
|
0-0: Foul Ball, location: 2F 0-1: Foul Ball, location: 2F 0-2: Foul Ball, location: 2F 0-2: Foul Ball, location: 2F 0-2: Foul Ball, location: 2F 0-2: Ball Wild Pitch! Alberto Malagon scores Sean Gould to third Ed Talamantes to second 1-2: Ball 2-2: DOUBLE (Line Drive, 5D, EV 100.0 MPH) Sean Gould scores Ed Talamantes scores
|
Batting: LHB Victor Ferrermena
|
0-0: Ball 1-0: Ball 2-0: Called Strike 2-1: Foul Ball, location: 2F 2-2: DOUBLE (Groundball, 5L, EV 103.8 MPH) Brian Puccio scores
|
Batting: RHB Chris Prinzing
|
0-0: Called Strike 0-1: Ball 1-1: Called Strike 1-2: Fly out, F8 (Flyball, 8RM, EV 86.2 MPH)
|
Batting: SHB Steve Salafia
|
0-0: Ball 1-0: Foul Ball, location: 2F 1-1: Ground out U3 (Groundball, 13, EV 89.4 MPH)
|
Top of the 5th over - 5 runs, 5 hits, 0 errors, 1 left on base; Vermont 6 - Minnesota (NYP) 0 |
BOTTOM OF THE 5TH |
Minnesota (NYP) Twins batting - Pitching for Vermont Lake Monsters : LHP Hector Perdomo
|
Batting: RHB Ton van Dijk
|
0-0: Ground out U3 (Groundball, 34S, EV 85.0 MPH)
|
Batting: LHB Jose Hilario
|
0-0: Called Strike 0-1: Foul Ball, location: 2F 0-2: Strikes out swinging
|
Batting: SHB Juan Aguilar
|
0-0: Ball 1-0: Ball 2-0: Called Strike 2-1: SINGLE (Line Drive, 8LS, EV 93.1 MPH)
|
Batting: LHB Ben Roth
|
0-0: Ball 1-0: SINGLE (Line Drive, 78M, EV 104.4 MPH) Juan Aguilar to second
|
Batting: RHB David McClellan
|
0-0: Ball 1-0: Fielders Choice at 2nd, 5-4 (Groundball, 5, EV 89.4 MPH)
|
Bottom of the 5th over - 0 runs, 2 hits, 0 errors, 2 left on base; Vermont 6 - Minnesota (NYP) 0 |
TOP OF THE 6TH |
Vermont Lake Monsters batting - Pitching for Minnesota (NYP) Twins : RHP Cody Bryant
|
Batting: RHB Jon Coleman
|
0-0: Called Strike 0-1: Ball 1-1: Called Strike 1-2: Ground out 2-3 (Groundball, 2L, EV 66.2 MPH)
|
Batting: RHB Alberto Malagon
|
0-0: Ground out 4-3 (Groundball, 4, EV 83.8 MPH)
|
Batting: RHB Sean Gould
|
0-0: Ball 1-0: Ball 2-0: Ball 3-0: Foul Ball, location: 2F 3-1: Swinging Strike 3-2: Ground out 6-3 (Groundball, 6, EV 83.1 MPH)
|
Top of the 6th over - 0 runs, 0 hits, 0 errors, 0 left on base; Vermont 6 - Minnesota (NYP) 0 |
BOTTOM OF THE 6TH |
Minnesota (NYP) Twins batting - Pitching for Vermont Lake Monsters : LHP Hector Perdomo
|
Batting: RHB Sergio Gomez
|
0-0: Ball 1-0: Swinging Strike 1-1: Swinging Strike 1-2: Fly out, F5 (Popup, 25, EV 86.9 MPH)
|
Batting: LHB Tomas Espino
|
0-0: Ball 1-0: Ball 2-0: Foul Ball, location: 2F 2-1: Ball 3-1: Ground out 6-3 (Groundball, 6, EV 88.8 MPH)
|
Batting: RHB Pat Adams
|
0-0: Called Strike 0-1: Ground out 6-3 (Groundball, 6, EV 89.4 MPH)
|
Bottom of the 6th over - 0 runs, 0 hits, 0 errors, 0 left on base; Vermont 6 - Minnesota (NYP) 0 |
TOP OF THE 7TH |
Vermont Lake Monsters batting - Pitching for Minnesota (NYP) Twins : RHP Cody Bryant
|
Batting: RHB Chris Temple
|
0-0: Ball 1-0: Ball 2-0: Called Strike 2-1: Foul Ball, location: 2F 2-2: Strikes out swinging
|
Batting: LHB Ed Talamantes
|
0-0: Foul Ball, location: 2F 0-1: Ball 1-1: Foul Ball, location: 2F 1-2: Ball 2-2: Foul Ball, location: 2F 2-2: Ball 3-2: Fly out, F8 (Flyball, 8RM, EV 90.0 MPH)
|
Batting: LHB Brian Puccio
|
0-0: Called Strike 0-1: Foul Ball, location: 2F 0-2: Foul Ball, location: 2F 0-2: Ball 1-2: Strikes out looking
|
Top of the 7th over - 0 runs, 0 hits, 0 errors, 0 left on base; Vermont 6 - Minnesota (NYP) 0 |
BOTTOM OF THE 7TH |
Minnesota (NYP) Twins batting - Pitching for Vermont Lake Monsters : LHP Hector Perdomo
|
Batting: RHB Alexandre Garcia
|
0-0: Ground out 4-3 (Groundball, 4M, EV 96.2 MPH)
|
Batting: RHB Ton van Dijk
|
0-0: Called Strike 0-1: Called Strike 0-2: Ball 1-2: Ball 2-2: Ball 3-2: Ground out 4-3 (Groundball, 4, EV 89.4 MPH)
|
Batting: LHB Jose Hilario
|
0-0: Swinging Strike 0-1: Ball 1-1: SINGLE (Line Drive, 34D, EV 94.4 MPH)
|
Batting: SHB Juan Aguilar
|
0-0: Ball 1-0: Swinging Strike 1-1: Called Strike 1-2: Ball 2-2: Strikes out swinging
|
Bottom of the 7th over - 0 runs, 1 hit, 0 errors, 1 left on base; Vermont 6 - Minnesota (NYP) 0 |
TOP OF THE 8TH |
Vermont Lake Monsters batting - Pitching for Minnesota (NYP) Twins : RHP Cody Bryant
|
Batting: LHB Victor Ferrermena
|
0-0: Fly out, F8 (Flyball, 8LD, EV 93.8 MPH)
|
Batting: RHB Chris Prinzing
|
0-0: TRIPLE (Flyball, 78XD, EV 108.8 MPH)
|
Pitching: RHP Chad Brock
|
|
Batting: SHB Steve Salafia
|
0-0: Ball 1-0: Ball 2-0: Ball 3-0: Base on Balls
|
Batting: RHB Jon Coleman
|
0-0: Grounds into double play, 5-4-3 (Groundball, 56S, EV 85.6 MPH)
|
Top of the 8th over - 0 runs, 1 hit, 0 errors, 1 left on base; Vermont 6 - Minnesota (NYP) 0 |
BOTTOM OF THE 8TH |
Minnesota (NYP) Twins batting - Pitching for Vermont Lake Monsters : LHP Hector Perdomo
|
Batting: LHB Ben Roth
|
0-0: Called Strike 0-1: Called Strike 0-2: Ball 1-2: Foul Ball, location: 2F 1-2: Ball 2-2: Strikes out swinging
|
Pitching: LHP Steve Lima
|
|
Batting: RHB David McClellan
|
0-0: Swinging Strike 0-1: Ball 1-1: Foul Ball, location: 2F 1-2: Foul Ball, location: 2F 1-2: Ground out 5-3 (Groundball, 56, EV 107.5 MPH)
|
Batting: RHB Sergio Gomez
|
0-0: Ball 1-0: Called Strike 1-1: Swinging Strike 1-2: Ball 2-2: Foul Ball, location: 2F 2-2: Ball 3-2: Foul Ball, location: 2F 3-2: Strikes out swinging
|
Bottom of the 8th over - 0 runs, 0 hits, 0 errors, 0 left on base; Vermont 6 - Minnesota (NYP) 0 |
TOP OF THE 9TH |
Vermont Lake Monsters batting - Pitching for Minnesota (NYP) Twins : RHP Chad Brock
|
Batting: RHB Alberto Malagon
|
0-0: Called Strike 0-1: Swinging Strike 0-2: Strikes out swinging, 2-3 out at first.
|
Batting: RHB Sean Gould
|
0-0: Ball 1-0: Ball 2-0: Foul Ball, location: 2F 2-1: Swinging Strike 2-2: Foul Ball, location: 2F 2-2: Strikes out swinging
|
Batting: RHB Chris Temple
|
0-0: Called Strike 0-1: Ball 1-1: Foul Ball, location: 2F 1-2: Foul Ball, location: 2F 1-2: Ball 2-2: Foul Ball, location: 2F 2-2: SINGLE (Line Drive, 8LS, EV 91.9 MPH)
|
Batting: LHB Ed Talamantes
|
0-0: Ball 1-0: Foul Ball, location: 2F 1-1: SINGLE (Line Drive, 9S, EV 100.6 MPH) Chris Temple to second
|
Pitching: LHP Travis Joyal
|
|
Batting: LHB Brian Puccio
|
0-0: Ball 1-0: Swinging Strike 1-1: Called Strike 1-2: Strikes out swinging
|
Top of the 9th over - 0 runs, 2 hits, 0 errors, 2 left on base; Vermont 6 - Minnesota (NYP) 0 |
BOTTOM OF THE 9TH |
Minnesota (NYP) Twins batting - Pitching for Vermont Lake Monsters : LHP Steve Lima
|
Batting: LHB Tomas Espino
|
0-0: Foul Ball, location: 2F 0-1: Ground out 6-3 (Groundball, 6, EV 91.9 MPH)
|
Batting: RHB Pat Adams
|
0-0: DOUBLE (Groundball, 5L, EV 103.1 MPH)
|
Batting: RHB Alexandre Garcia
|
0-0: Foul Ball, location: 2F 0-1: Swinging Strike 0-2: Ball 1-2: Strikes out swinging
|
Batting: RHB Ton van Dijk
|
0-0: Called Strike 0-1: Foul Ball, location: 2F 0-2: Ball 1-2: Ground out 4-3 (Groundball, 4M, EV 92.5 MPH)
|
Bottom of the 9th over - 0 runs, 1 hit, 0 errors, 1 left on base; Vermont 6 - Minnesota (NYP) 0 |
|